 Dungeon Crawl Stone Soup version 0.22-a0-587-g7d32d7c (webtiles) character file.

1048 galech the Skirmisher (level 8, -3/84 HPs)
             Began as an Ogre Berserker on July 4, 2018.
             Was a Priest of Trog.
             Slain by a mummy (18 damage)
             ... in an ossuary.
             The game lasted 00:07:11 (5409 turns).

galech the Skirmisher (Ogre Berserker)              Turns: 5409, Time: 00:07:11

Health: -3/84      AC:  4    Str: 22    XL:     8   Next: 25%
Magic:  8/8        EV:  7    Int:  8    God:    Trog [***...]
Gold:   158        SH: 14    Dex: 10    Spells: 7/7 levels left

rFire    . . .     SeeInvis .   a - +0 mace
rCold    . . .     Gourm    .   p - +1 large shield
rNeg     . . .     Faith    .   b - +0 animal skin
rPois    .         Spirit   .   (helmet restricted)
rElec    .         Reflect  .   o - +0 cloak
rCorr    .         Harm     .   (gloves unavailable)
MR       .....                  (boots unavailable)
Stlth    +.........             (no amulet)
HPRegen  0.24/turn              i - ring of wizardry
MPRegen  0.11/turn              (no ring)

@: berserk cooldown, slowed, very slow
A: large, unfitting armour, tough skin 1
a: Berserk, Trog's Hand, Renounce Religion


You were in an ossuary.
You worshipped Trog.
Trog was most pleased with you.
You were not hungry.

You visited 1 branch of the dungeon, and saw 5 of its levels.
You also visited: Ossuary.

You collected 158 gold pieces.

Inventory:

Hand Weapons
 a - a +0 mace (weapon)
Armour
 b - a +0 animal skin (worn)
 o - a +0 cloak (worn)
 p - a +1 large shield (worn)
Jewellery
 i - a ring of wizardry (left hand)
Wands
 k - a wand of random effects (13)
Scrolls
 d - a scroll of teleportation
 m - a scroll of fog {unknown}
Potions
 e - 2 potions of cancellation {unknown}
 f - a potion of invisibility {unknown}
 g - 5 potions of curing
 j - 2 potions of flight {unknown}
 n - a potion of mutation {unknown}
 r - a potion of heal wounds {unknown}
 s - a potion of lignification {unknown}
 t - a potion of ambrosia {unknown}
Comestibles
 c - 2 rations


   Skills:
 + Level 6.8 Fighting
 + Level 6.6 Maces & Flails
 + Level 4.3 Dodging
 + Level 1.1 Stealth
 + Level 2.2 Shields


You had 7 spell levels left.
You didn't know any spells.
Your spell library was empty.

Dungeon Overview and Level Annotations

Branches:
Dungeon (5/15)
 Temple: D:4-7

Altars:
Dithmenos
Wu Jian

Shops:
D:4 *   D:5 [


Innate Abilities, Weirdness & Mutations

You are too large for most types of armour.
You have tough skin. (AC +1)


Message History

You are too injured to fight recklessly!
You are too injured to fight recklessly!
You are too injured to fight recklessly!
You are too injured to fight recklessly!
You are too injured to fight recklessly!
You are too injured to fight recklessly!
You are too injured to fight recklessly!
You are too injured to fight recklessly!
You are too injured to fight recklessly!
You are too injured to fight recklessly!
You are too injured to fight recklessly!
You are too injured to fight recklessly!
You are too injured to fight recklessly!
You are too injured to fight recklessly!
You hit the mummy but do no damage.
The mummy is severely damaged.
You block the adder zombie's attack. The mummy hits you!
* * * LOW HITPOINT WARNING * * *
You block the adder zombie's attack. The mummy hits you!!
You die...

##################
...............M@#
..Z............ZM#
.....8..8........#
Z.ZZ.............#
######..######...#
# #..# #...# #
#.^# #...# # #..#
#...#
#............#...#


You could see 2 mummies and an adder zombie.

Vanquished Creatures
  Grinder (D:3)
  2 ogres
  A scorpion (D:4)
  A water moccasin skeleton (D:4)
  2 centaur zombies (Ossuary)
  An orc priest (D:3)
  A centaur skeleton (D:3)
  Crazy Yiuf (D:3)
  2 human zombies
  3 orc wizards
  Ijyb (D:3)
  4 worker ants
  3 adders
  4 oozes
  An adder zombie (Ossuary)
  4 worms
  A dart slug (D:1)
  3 leopard geckos
  19 orcs
  A giant cockroach (D:3)
  4 goblins (D:1)
  9 hobgoblins
  5 jackals
  3 quokkas (D:3)
  7 bats
  3 frilled lizards
  7 hobgoblin zombies (Ossuary)
  A jackal skeleton (D:5)
  10 kobolds
  9 kobold zombies (Ossuary)
  8 orc zombies (Ossuary)
  9 rats
  A rat zombie (D:5)
132 creatures vanquished.

Notes
Turn   | Place    | Note
-------+----------+-------------------------------------------
     0 | D:1      | galech the Ogre Berserker began the quest for the Orb.
     0 | D:1      | Reached XP level 1. HP: 24/24 MP: 1/1
    47 | D:1      | Reached XP level 2. HP: 17/32 MP: 2/2
   491 | D:1      | Reached XP level 3. HP: 38/40 MP: 3/3
   495 | D:1      | Reached ** piety under Trog
  1061 | D:2      | Found a shadowy altar of Dithmenos.
  1400 | D:3      | Reached XP level 4. HP: 35/49 MP: 4/4
  1470 | D:3      | Found a runed door.
  1699 | D:3      | HP: 3/73 [orc/trident (6)]
  2021 | D:3      | Noticed Ijyb
  2042 | D:3      | Killed Ijyb
  2042 | D:3      | Reached skill level 5 in Fighting
  2042 | D:3      | Reached XP level 5. HP: 18/57 MP: 5/5
  2061 | D:3      | HP: 1/57 [orc/club (5)]
  2064 | D:3      | Reached *** piety under Trog
  2458 | D:3      | Noticed an ogre
  2467 | D:3      | Killed an ogre
  2467 | D:3      | Reached XP level 6. HP: 46/66 MP: 6/6
  2674 | D:3      | Noticed Grinder
  2687 | D:3      | Killed Grinder
  2687 | D:3      | Reached skill level 5 in Maces & Flails
  2760 | D:3      | Reached XP level 7. HP: 48/74 MP: 7/7
  3458 | D:3      | Noticed Crazy Yiuf
  3463 | D:3      | Killed Crazy Yiuf
  4601 | D:4      | Reached skill level 1 in Stealth
  4601 | D:4      | Reached skill level 1 in Shields
  4949 | D:4      | Found an ornate altar of the Wu Jian Council.
  4993 | D:4      | Found Joahunec's General Store.
  5025 | D:5      | Entered Level 5 of the Dungeon
  5037 | D:5      | Reached XP level 8. HP: 84/84 MP: 8/8
  5071 | D:5      | Found Pyrhic's Armour Emporium.
  5093 | D:5      | Found a sand-covered staircase.
  5154 | Ossuary  | Entered an ossuary
  5258 | Ossuary  | Reached **** piety under Trog
  5409 | Ossuary  | Slain by a mummy

Vault maps used:
D:1:      elethiomel_arrival_shortcut
D:2:      grunt_dithmenos_smoke, minmay_pentomino_p2
D:3:      first_ration, grunt_ministairs_9, st_stairs_11,
          uniq_crazy_yiuf_cottage, uniq_grinder, uniq_ijyb
D:4:      marbit_many_paths, serial_shops, shop, kennysheep_path_1
D:5:      dancing_weapons_uskayaw, lemuel_coloured_pillars_altar, serial_shops,
          kennysheep_mini, enter_ossuary_3, uniq_pikel
Ossuary:  ossuary_tomb_1

Skill      XL: |  1  2  3  4  5  6  7  8 |
---------------+-------------------------+-----
Maces & Flails | 3 4 5 6 |  6.6
Dodging        | 3 4 |  4.3
Fighting       | 5 6 |  6.8
Stealth        | 1 |  1.1
Shields        | 1 2 |  2.2

Action                   |  1- 3 |  4- 6 |  7- 9 || total
-------------------------+-------+-------+-------++-------
Melee: Mace              |   111 |   133 |   237 ||   481
Invok: Berserk           |       |     7 |     8 ||    15
       Trog's Hand       |       |       |     4 ||     4
  Use: Scroll            |       |       |     5 ||     5
 Stab: Sleeping          |     1 |       |       ||     1
  Eat: Chunk             |     2 |    10 |     8 ||    20
       Ration            |       |       |     3 ||     3
Armor: Animal skin       |    46 |    31 |    67 ||   144
Dodge: Dodged            |    80 |    87 |    61 ||   228
Block: Large shield      |       |       |   197 ||   197

Table legend:
 A = Spawn XP
 B = Non-spawn XP
 C = Spawn XP percentage of total XP
 D = Spawn monster count
 E = Non-spawn monster count
 F = Spawn count percentage of total count
 G = Total turns spent on level
                    A         B        C        D         E        F      G
               +---------+---------+-------+---------+---------+-------+---------
         Total |       0 |    1498 |   0.0 |       0 |     132 |   0.0 |  5409
               +---------+---------+-------+---------+---------+-------+---------
           D:1 |       0 |      55 |   0.0 |       0 |      28 |   0.0 |   877
           D:2 |       0 |      16 |   0.0 |       0 |       7 |   0.0 |   672
           D:3 |       0 |     673 |   0.0 |       0 |      47 |   0.0 |  1958
           D:4 |       0 |     408 |   0.0 |       0 |      12 |   0.0 |  1518
           D:5 |       0 |     178 |   0.0 |       0 |      10 |   0.0 |   129
       Ossuary |       0 |     168 |   0.0 |       0 |      28 |   0.0 |   255
               +---------+---------+-------+---------+---------+-------+---------
